 Dungeon Crawl Stone Soup version 0.20.0-8-g6b59dc7 (webtiles) character file.

114 Mesmaeker13 the Magician (level 4, 0/24 HPs)
             Began as a Deep Elf Wizard on May 30, 2017.
             Slain by a goblin (1 damage)
             ... on level 3 of the Dungeon.
             The game lasted 00:07:05 (2871 turns).

Mesmaeker13 the Magician (Deep Elf Wizard)          Turns: 2871, Time: 00:07:06

Health: 0/24       AC:  2    Str:  5    XL:     4   Next: 66%
Magic:  6/12       EV:  7    Int: 23    God:
Gold:   123        SH:  0    Dex: 13    Spells: 5/11 levels left

rFire    . . .     SeeInvis .   k - +0 dagger
rCold    . . .     Gourm    .   (no shield)
rNeg     . . .     Faith    .   B - +0 robe (curse)
rPois    .         Spirit   .   b - +0 hat
rElec    .         Reflect  .   e - scarf {repulsion}
rCorr    .         Harm     .   (no gloves)
MR       .....                  (no boots)
Stlth    +.........             (no amulet)
Regen    0.1/turn               j - ring of flight
MPRegen  0.2/turn               x - ring of wizardry

@: confused, held, repel missiles
A: no striking features
a: Evoke Flight


You were on level 3 of the Dungeon.
You were not hungry.

You visited 1 branch of the dungeon, and saw 3 of its levels.

You collected 123 gold pieces.

Inventory:

Hand Weapons
 k - a +0 dagger (weapon)
Armour
 b - a +0 hat (worn)
 e - a scarf of repulsion (worn)
 B - a cursed +0 robe (worn)
Jewellery
 j - a ring of flight (left hand)
 x - a ring of wizardry (right hand)
Scrolls
 l - a scroll of fog
 n - a scroll of noise {unknown}
 o - a scroll of enchant weapon {unknown}
 p - a scroll of amnesia {unknown}
 v - a scroll of recharging {unknown}
 w - a scroll of teleportation {unknown}
 y - a scroll of identify {unknown}
 z - a scroll of remove curse {unknown}
Potions
 f - a potion of degeneration {unknown}
 g - a potion of magic {unknown}
 m - a potion of lignification {unknown}
 q - 2 potions of curing {unknown}
 r - a potion of berserk rage {unknown}
 s - a potion of agility {unknown}
 t - a potion of flight {unknown}
 u - a potion of heal wounds
Books
 c - a book of Minor Magic

   Spells                             Type                      Level
   a - Magic Dart                     Conjuration                  1
   b - Blink                          Translocation                2
   c - Call Imp                       Summoning                    2
   d - Slow                           Hexes                        2
   e - Conjure Flame                  Conjuration/Fire             3
   f - Mephitic Cloud                 Conjuration/Poison/Air       3
Comestibles
 d - 4 bread rations
 h - a meat ration
 i - 2 fruits


   Skills:
 + Level 3.8 Dodging
 - Level 2.4 Stealth
 - Level 4.4 Spellcasting
 + Level 2.9 Conjurations
 + Level 2.8 Summonings
   Level 1.1 Translocations
 + Level 0.9 Poison Magic


You had 5 spell levels left.
You knew the following spells:

 Your Spells              Type           Power        Failure   Level  Hunger
a - Magic Dart            Conj           ###.         1%          1    None
b - Call Imp              Summ           ###.....     1%          2    None
c - Mephitic Cloud        Conj/Pois/Air  ##......     7%          3    ##.....


Dungeon Overview and Level Annotations

Branches:
Dungeon (3/15)

Altars:
Yredelemnul

Annotations:
D:3 ghjk's ghost, amateur MiFi


Message History

The orc hits you.
* * * LOW HITPOINT WARNING * * *
Unknown command.
You feel less confused.
The gnoll is engulfed in noxious fumes.
The gnoll appears confused.
A gnoll comes into view. It is wielding a spear.
Casting: Mephitic Cloud
Confirm with . or Enter, or press ? or * to list all spells.
Aiming: Mephitic Cloud
Press: ? - help, Shift-Dir - straight line, p - gnoll That beam is likely to hit you.
Continue anyway?
The ball explodes into a vile cloud!
The stinking cloud engulfs the jackal.
The stinking cloud engulfs the orc.
The stinking cloud engulfs the goblin.
The stinking cloud engulfs the jackal.
The stinking cloud engulfs you!
You are engulfed in noxious fumes.
You choke on the stench!
You are confused.
* * * LOW HITPOINT WARNING * * *
The gnoll throws a throwing net.
The throwing net hits you.
You become entangled in the net!
The goblin hits you.
You die...

#. .. #.# #. .(# #.
#.# ## #.#..#..
#.#.###.#### #g#....
#...........
#.#.#.#####...###.####
#(§..>........###..#
#g.hh.............#
#§.§o...###.#.P.P.#
#.§g@...## #.._..###
#........# #.P.P....
#........# .#.....###
#........##..........
#........############
####.###.# #.# .# #.#
# .#


You could see 2 gnolls, an orc, 2 jackals and a goblin.

Vanquished Creatures
  A gnoll (D:2)
  3 adders
  3 worms
  5 leopard geckos
  5 bats
  4 giant cockroaches
  4 goblins
  6 hobgoblins
  6 kobolds
  A frilled lizard (D:2)
  5 rats
43 creatures vanquished.

Vanquished Creatures (collateral kills)
  A gnoll (D:2)
  An adder (D:2)
  2 worms (D:2)
  A giant cockroach (D:2)
  A hobgoblin (D:2)
  A kobold (D:2)
7 creatures vanquished.

Grand Total: 50 creatures vanquished

Notes
Turn   | Place    | Note
-------+----------+-------------------------------------------
     0 | D:1      | Mesmaeker13 the Deep Elf Wizard began the quest for the Orb.
     0 | D:1      | Reached XP level 1. HP: 10/10 MP: 7/7
   292 | D:1      | Reached XP level 2. HP: 13/15 MP: 0/9
   741 | D:1      | Learned a level 2 spell: Call Imp
   903 | D:2      | Reached XP level 3. HP: 19/19 MP: 1/10
  1634 | D:3      | Reached XP level 4. HP: 23/24 MP: 7/12
  1671 | D:3      | Learned a level 3 spell: Mephitic Cloud
  1676 | D:3      | Found a faded altar of an unknown god.
  2090 | D:3      | Noticed ghjk's ghost (amateur MiFi)
  2161 | D:3      | Found a basalt altar of Yredelemnul.
  2871 | D:3      | HP: 1/24 [cloud of noxious fumes (1)]
  2871 | D:3      | Slain by a goblin

Skill      XL: |  1  2  3 |
---------------+----------+-----
Conjurations   | 2 |  2.9
Dodging        | 3 |  3.8
Summonings     | 2 |  2.8
Stealth        | |  2.4
Spellcasting   | |  4.4
Translocations | |  1.1
Poison Magic   | |  0.9

Action                   |  1- 3 |  4- 6 || total
-------------------------+-------+-------++-------
Melee: Unarmed           |     1 |       ||     1
       Dagger            |     2 |    10 ||    12
 Cast: Magic Dart        |    78 |    44 ||   122
       Call Imp          |     8 |     6 ||    14
       Mephitic Cloud    |       |     5 ||     5
  Use: Scroll            |       |     1 ||     1
  Eat: Chunk             |     2 |     4 ||     6
Armor: Robe              |     3 |     3 ||     6
Dodge: Dodged            |    18 |    22 ||    40
       Deflected         |       |     2 ||     2
